 Dungeon Crawl Stone Soup version 0.28-b1-70-g80dc712255 (webtiles) character file.

Game seed: 6892150383973001378

5464 Bearnado the Cleaver (level 10, 0/90 HPs)
             Began as a Minotaur Berserker on Feb 4, 2022.
             Was a Believer of Trog.
             Succumbed to a hornet's poison
             ... on level 9 of the Dungeon.
             The game lasted 00:33:48 (8923 turns).

Bearnado the Cleaver (Minotaur Berserker)           Turns: 8923, Time: 00:33:48

Health: 0/90       AC: 20    Str: 26    XL:     10   Next: 41%
Magic:  9/9        EV: 13    Int:  4    God:    Trog [**....]
Gold:   478        SH:  0    Dex: 14    Spells: 9/9 levels left

rFire   + . .      SeeInvis .   k - +3 quarterstaff (chaos)
rCold   . . .      Faith    .   (shield currently unavailable)
rNeg    . . .      Spirit   .   B - +2 scale mail {Will+}
rPois   .          Reflect  .   (helmet unavailable)
rElec   .          Harm     .   n - +2 cloak
rCorr   .          Rampage  .   T - +0 pair of gloves
Will    +++..                   L - +0 pair of boots
Stlth   +.........              (no amulet)
HPRegen 1.25/turn               q - +4 ring of protection
MPRegen 0.11/turn               (no ring)

@: lethally poisoned (0 -> -3), strong-willed, on berserk cooldown,
regenerating, slowed, very slow
A: horns 3, retaliatory headbutt, agile 1, fire resistance 1, strong 1,
inability to read while threatened
a: Renounce Religion, Berserk, Trog's Hand


You were on level 9 of the Dungeon.
You worshipped Trog.
Trog was pleased with you.
You visited 1 branch of the dungeon, and saw 9 of its levels.

You collected 563 gold pieces.
You spent 85 gold pieces at shops.

Inventory:

Hand Weapons
 c - a +0 spear
 h - a +1 quarterstaff of draining
 k - a +3 quarterstaff of chaos (weapon)
 x - a +2 dagger of speed
 y - a +0 antimagic flail
 H - a +0 halberd
 J - a +0 scimitar
 O - a +0 shortbow
 P - a +0 war axe
 R - a +2 whip of electrocution
Missiles
 g - 13 poisoned darts (quivered)
 s - 7 throwing nets
 D - 136 arrows
 N - 15 bolts
Armour
 m - a +0 plate armour
 n - a +2 cloak (worn)
 o - a +1 helmet of intelligence
 p - the +3 leather armour of the Northern Lights {SInv}
   (You found it on level 6 of the Dungeon)

   SInv:      It lets you see invisible.
 w - the +0 helmet of Koydasch {rF+ rN+}
   (You found it on level 4 of the Dungeon)

   rF:        It protects you from fire.
   rN:        It protects you from negative energy.
 A - a scarf of shadows
 B - a +2 scale mail of willpower (worn)
 K - +0 swamp dragon scales
 L - a +0 pair of boots (worn)
 Q - a +4 scale mail
 T - a +0 pair of gloves (worn)
Jewellery
 e - a ring of magical power
 q - a +4 ring of protection (left hand)
 r - an amulet of magic regeneration
Wands
 l - a wand of polymorph (2)
 I - a wand of iceblast (17)
Scrolls
 b - a scroll of blinking {unknown}
 d - 4 scrolls of magic mapping
 f - 3 scrolls of teleportation
 j - a scroll of holy word {unknown}
 t - 2 scrolls of immolation
 u - a scroll of amnesia {unknown}
 z - 3 scrolls of brand weapon
 C - 3 scrolls of enchant armour
 E - a scroll of acquirement
 G - a scroll of fear {unknown}
 V - a scroll of fog
Potions
 a - a potion of attraction
 i - 2 potions of curing
 F - a potion of might
 M - a potion of haste
 S - a potion of invisibility {unknown}
 U - a potion of flight {unknown}


   Skills:
 + Level 8.9 Fighting
 + Level 9.6 Axes
 + Level 9.5 Staves
 + Level 8.1 Armour
 + Level 5.8 Dodging
 + Level 2.9 Stealth


You had 9 spell levels left.
You didn't know any spells.
Your spell library was empty.

Dungeon Overview and Level Annotations

Branches:
Dungeon (9/15)             Temple (0/1) D:5            Lair (0/6) D:9
    Orc: D:9-12

Altars:
Gozag

Shops:
D:5 :   D:6 *   D:7 *


Innate Abilities, Weirdness & Mutations

You have a pair of large horns on your head.
You reflexively headbutt those who attack you in melee.
You are agile. (Dex +2)
Your flesh is heat resistant. (rF+)
Your muscles are strong. (Str +2)
You sometimes lose the ability to read scrolls when taking damage.


Message History

You miss something.
You feel sick.
Something stings you but does no damage.
Something stings you.
You are more poisoned.
You suddenly lose the ability to move!
You feel yourself speed up.
You feel very sick.
Something stings you but does no damage.
Something stings you.
* * * LOW HITPOINT WARNING * * *
You are more poisoned.
You feel yourself slow down.
You feel very sick.
Something stings you but does no damage. x2
Something stings you!
You feel threatened and lose the ability to read scrolls!
* * * LOW HITPOINT WARNING * * *
You feel as though you will be slow longer.
You are no longer berserk.
You feel as though you will be slow longer.
You can read scrolls again.
* * * LOW HITPOINT WARNING * * *
You feel very sick. Something stings you.
* * * LOW HITPOINT WARNING * * *
You feel as though you will be slow longer.
Something stings you but does no damage.
You can move again.
* * * LOW HITPOINT WARNING * * *
You feel very sick. Something stings you.
* * * LOW HITPOINT WARNING * * *
You feel as though you will be slow longer.
Something stings you but does no damage.
Something stings you.
* * * LOW HITPOINT WARNING * * *
You feel as though you will be slow longer.
Your skin crawls.
You feel strong-willed.
You die...

..... ##############
..... .......(.....#
#####.....
############.###.........
..# #.........##.........
..# #..[......##.........
..###..........#..†......
................@...=....
..###..........####.##...
..############.# # ...#
#.# .#.# #.. .#.# ##.#
.#.# .# ...# .# .### .#


There were no monsters in sight!

Vanquished Creatures
  Harold (D:8)
  Maggie (D:8)
  2 hornets
  A wraith (D:6)
  2 wyverns
  Grum (D:8)
  3 vampire mosquitoes (D:9)
  Edmund (D:5)
  A water moccasin (D:6)
  A hornet zombie (D:6)
  4 ice beasts
  A black bear (D:6)
  3 sky beasts
  2 wolves (D:8)
  2 centaurs
  A phantom (D:6)
  A kobold brigand (D:4)
  3 bullfrogs
  A scorpion (D:5)
  A wyvern skeleton (D:5)
  A water moccasin skeleton (D:5)
  11 killer bees
  2 howler monkeys (D:4)
  A bullfrog zombie (D:6)
  A centaur zombie (D:5)
  A centaur skeleton (D:4)
  3 hounds
  An orc priest (D:8)
  Crazy Yiuf (D:5)
  A bullfrog skeleton (D:5)
  2 gnoll shamans
  3 iguanas
  6 orc wizards
  A hound skeleton (D:4)
  7 gnolls
  6 adders
  2 white imps
  An ufetubus (D:5)
  A worm (D:4)
  2 dart slugs
  32 orcs
  5 ball pythons
  3 endoplasms
  3 giant cockroaches
  6 hobgoblins
  3 quokkas
  2 bats
  4 frilled lizards
  6 goblins
  8 kobolds
  5 rats
164 creatures vanquished.

Vanquished Creatures (others)
  2 fungi (D:1)
  2 plants (D:1)
4 creatures vanquished.

Grand Total: 168 creatures vanquished

Notes
Turn   | Place    | Note
-------+----------+-------------------------------------------
     0 | D:1      | Bearnado the Minotaur Berserker began the quest for the
                  | Orb.
     0 | D:1      | Reached XP level 1. HP: 19/19 MP: 0/0
   230 | D:1      | Reached XP level 2. HP: 27/27 MP: 1/1
   476 | D:1      | Found a faded altar of an unknown god.
   984 | D:2      | Reached XP level 3. HP: 33/33 MP: 2/2
  2284 | D:3      | Reached ** piety under Trog
  2364 | D:3      | Reached XP level 4. HP: 41/41 MP: 3/3
  2622 | D:3      | You fall into a shaft and drop 3 floors!
  2625 | D:6      | Identified the +3 leather armour of the Northern Lights
                  | {SInv}
  2631 | D:6      | Reached skill level 5 in Axes
  2684 | D:6      | Noticed a black bear
  2688 | D:6      | Killed a black bear
  2689 | D:6      | Reached XP level 5. HP: 47/47 MP: 4/4
  2753 | D:6      | Noticed a water moccasin
  2764 | D:6      | Killed a water moccasin
  2765 | D:6      | Reached skill level 5 in Fighting
  2765 | D:6      | Reached XP level 6. HP: 54/56 MP: 5/5
  2940 | D:5      | Entered Level 5 of the Dungeon
  2964 | D:5      | Reached skill level 1 in Stealth
  3036 | D:4      | Reached XP level 7. HP: 61/61 MP: 6/6
  3626 | D:4      | Identified the +0 helmet of Koydasch {rF+ rN+}
  4018 | D:5      | Found a staircase to the Ecumenical Temple.
  4072 | D:5      | Reached XP level 8. HP: 71/71 MP: 7/7
  4087 | D:5      | Found a runed translucent door.
  4088 | D:5      | Noticed Crazy Yiuf
  4103 | D:5      | Killed Crazy Yiuf
  4383 | D:5      | Reached skill level 1 in Staves
  4613 | D:5      | Found Egaziav's Book Emporium.
  4630 | D:5      | Noticed Edmund
  4638 | D:5      | Killed Edmund
  4672 | D:5      | Found an opulent altar of Gozag.
  4984 | D:6      | Reached skill level 5 in Armour
  5008 | D:6      | Reached skill level 5 in Dodging
  5246 | D:6      | Found Fosett's CLEARANCE SALE!.
  5252 | D:6      | Reached XP level 9. HP: 79/79 MP: 8/8
  5258 | D:6      | Bought a scroll of enchant armour for 22 gold pieces
  5258 | D:6      | Bought 13 arrows for 7 gold pieces
  5438 | D:7      | Found Hel Jid's General Store.
  5776 | D:7      | Reached skill level 5 in Staves
  6709 | D:8      | Noticed Maggie
  6715 | D:8      | Killed Maggie
  6800 | D:8      | Paralysed by a hornet for 1 turns
  7362 | D:8      | Reached *** piety under Trog
  7586 | D:8      | Noticed Harold
  7601 | D:8      | Killed Harold
  7602 | D:8      | Reached XP level 10. HP: 90/90 MP: 9/9
  8135 | D:8      | Noticed Grum
  8153 | D:8      | Killed Grum
  8494 | D:7      | Bought a scroll of fog for 28 gold pieces
  8494 | D:7      | Bought a scroll of identify for 28 gold pieces
  8495 | D:7      | Gained mutation: You are dopey. (Int -2) [potion of
                  | mutation]
  8495 | D:7      | Gained mutation: You passively dampen the noise of your
                  | surroundings. [potion of mutation]
  8495 | D:7      | Gained mutation: Your muscles are strong. (Str +2) [potion
                  | of mutation]
  8495 | D:7      | Gained mutation: You have supernaturally acute eyesight.
                  | (SInv) [potion of mutation]
  8496 | D:7      | Lost mutation: You passively dampen the noise of your
                  | surroundings. [potion of mutation]
  8496 | D:7      | Lost mutation: You have supernaturally acute eyesight.
                  | (SInv) [potion of mutation]
  8496 | D:7      | Gained mutation: Your body sometimes deteriorates upon
                  | taking damage. [potion of mutation]
  8497 | D:7      | Lost mutation: Your body sometimes deteriorates upon taking
                  | damage. [potion of mutation]
  8497 | D:7      | Lost mutation: You are dopey. (Int -2) [potion of mutation]
  8497 | D:7      | Gained mutation: You are agile. (Dex +2) [potion of
                  | mutation]
  8497 | D:7      | Gained mutation: You have a pair of large horns on your
                  | head. [potion of mutation]
  8497 | D:7      | Gained mutation: You sometimes lose the ability to read
                  | scrolls when taking damage. [potion of mutation]
  8497 | D:7      | Gained mutation: Your flesh is heat resistant. (rF+)
                  | [potion of mutation]
  8686 | D:9      | Found a staircase to the Lair.
  8697 | D:9      | Identified a scroll of acquirement
  8906 | D:9      | Paralysed by something for 2 turns
  8912 | D:9      | Paralysed by something for 3 turns
  8918 | D:9      | Paralysed by something for 3 turns
  8922 | D:9      | HP: 4/90 [poisoned by a hornet]
  8922 | D:9      | HP: 1/90 [something (1)]
  8923 | D:9      | Succumbed to a hornet's poison

Illustrated notes

Levels and vault maps discovered:
D:1:      amcnicky_arrival_flooded_fountain, layout_rooms,
          shapermc_ecumenical_altar_mp_urbaneastern
D:2:      layout_basic, serial_co_window_serial, co_window_of_opportunity_a,
          co_window_corner_a, co_window_paths_b, co_window_corner_a,
          co_window_corner_a, co_window_paths_b, co_window_paths_c,
          co_window_corner_ca, co_window_broadway_b, co_window_paths_c,
          co_window_corner_b, co_window_4corner_a, glass_columns_a,
          glass_columns_a, kennysheep_minor_cross, minmay_small_reverse_x
D:3:      layout_loops_ring, feat_on_display
D:4:      layout_gridville, cheibrodos_sewer_entry_bend, st_stairs_13
D:5:      layout_gridville, nicolae_gozag_seed_capital,
          minmay_temple_entry_glass, serial_shops, shop,
          uniq_crazy_yiuf_cottage, uniq_edmund
D:6:      layout_basic, nicolae_shop_clearance
D:7:      layout_layer_cave, serial_shops, nicolae_take_the_stairs
D:8:      layout_basic, minmay_misc_feat_ornament, grunt_ministairs_9,
          uniq_grum, uniq_harold, uniq_maggie
D:9:      layout_basic, dpeg_oklobed_lair

Skill      XL: |  1  2  3  4  5  6  7  8  9 10 |
---------------+-------------------------------+-----
Fighting       | 4 5 6 7 8 |  8.9
Axes           | 4 5 6 7 8 9 |  9.6
Armour         | 3 4 5 7 8 |  8.1
Dodging        | 3 4 5 |  5.8
Stealth        | 1 2 |  2.9
Staves         | 4 8 9 |  9.5

Action                   |  1- 3 |  4- 6 |  7- 9 | 10-12 || total
-------------------------+-------+-------+-------+-------++-------
Melee: Hand axe          |    84 |    46 |    78 |       ||   208
       Headbutt          |     6 |    10 |    50 |     5 ||    71
       Punch             |       |     1 |       |       ||     1
       Quarterstaff      |       |       |   179 |    62 ||   241
Invok: Berserk           |     1 |     5 |    10 |     4 ||    20
       Trog's Hand       |       |       |       |     1 ||     1
  Use: Potion            |       |       |     4 |     3 ||     7
       Scroll            |       |       |       |     8 ||     8
 Stab: Sleeping          |       |       |     1 |       ||     1
Armor: Animal skin       |    13 |       |       |       ||    13
       Leather armour    |     4 |    10 |    76 |       ||    90
       Plate armour      |     3 |    12 |       |       ||    15
       Scale mail        |       |       |    60 |    58 ||   118
Dodge: Dodged            |    53 |    20 |   178 |    46 ||   297
